 Dungeon Crawl Stone Soup version 0.29.1-15-g9cfb28693d (webtiles) character file.

Game seed: 14797929295595816245

1617 Sanktem7 the Fighter (level 8, -7/78 HPs)
             Began as a Minotaur Fighter on Mar 3, 2023.
             Was a Believer of Trog.
             Mangled by an orc warrior
             ... wielding a +0 halberd
              (17 damage)
             ... on level 6 of the Dungeon.
             The game lasted 00:13:35 (5634 turns).

Sanktem7 the Fighter (Minotaur Fighter)             Turns: 5634, Time: 00:13:36

Health: -7/78      AC: 12    Str: 29    XL:     8   Next: 64%
Magic:  7/7        EV:  9    Int:  5    God:    Trog [**....]
Gold:   308        SH:  4    Dex: 10    Spells: 7/7 levels left

rFire   . . .      SeeInvis .   n - +3 mace (holy) {mace}
rCold   . . .      Faith    .   c - +0 buckler
rNeg    . . .      Spirit   .   b - +0 scale mail
rPois   .          Reflect  .   (helmet restricted)
rElec   .          Harm     .   o - +1 cloak
rCorr   .          Rampage  .   A - +0 pair of gloves
Will    .....                   q - +0 pair of boots
Stlth   ..........              (no amulet)
HPRegen 0.23/turn               t - +6 ring of strength
MPRegen 0.10/turn               (no ring)

@: no status effects
A: horns 2, retaliatory headbutt
a: Renounce Religion, Berserk, Trog's Hand


You were on level 6 of the Dungeon.
You worshipped Trog.
Trog was pleased with you.
You visited 2 branches of the dungeon, and saw 7 of its levels.

You collected 308 gold pieces.


Innate Abilities, Weirdness & Mutations

You have a pair of horns on your head.
You reflexively headbutt those who attack you in melee.


   Skills:
 * Level 9.2 Fighting
 - Level 3.2(6.0) Axes
 * Level 7.9(8.2) Maces & Flails
 + Level 2.2 Throwing
 - Level 6.0 Armour
 - Level 3.6 Shields


You had 7 spell levels left.
You didn't know any spells.
Your spell library contained the following spells:

 Spells                   Type           Power      Damage    Failure   Level
 Portal Projectile        Hex/Tloc       0%         N/A       99%         3
 Tukima's Dance           Hex            0%         N/A       99%         3
 Blade Hands              Tmut           0%         N/A       100%        5

Inventory:

Hand Weapons
 a - a +0 vorpal war axe {axe}
 n - a +3 mace of holy wrath (weapon) {mace}
   (You found it on level 2 of the Dungeon)
Missiles
 j - 6 curare-tipped darts {=fthrowing}
 s - 5 poisoned darts {throwing}
 u - 6 javelins {throwing}
 z - 7 stones {throwing}
Armour
 b - a +0 scale mail (worn)
 c - a +0 buckler (worn)
 o - a +1 cloak (worn)
   (You found it on level 2 of the Dungeon)
 q - a +0 pair of boots (worn)
   (You found it on level 3 of the Dungeon)
 A - a +0 pair of gloves (worn)
   (You found it on level 5 of the Dungeon)
Jewellery
 t - a +6 ring of strength (left hand)
   (You found it on level 4 of the Dungeon)
Wands
 e - a wand of flame (20)
   (You took it off Edmund on level 5 of the Dungeon)
 p - a wand of mindburst (20)
   (You found it on level 5 of the Dungeon)
 r - a wand of iceblast (7)
   (You found it on level 4 of the Dungeon)
Scrolls
 g - 2 scrolls of poison {!r}
 i - 3 scrolls of teleportation {@r4}
 k - a scroll of immolation {!r!r}
 l - 2 scrolls of silence {!r}
 m - 2 scrolls of blinking {!r}
Potions
 d - 2 potions of might
 f - 3 potions of attraction {!q}
 h - a potion of curing {@q1}
 v - a potion of ambrosia
 w - 3 potions of lignification {!q}
 x - a potion of flight

Dungeon Overview and Level Annotations

Branches:
Dungeon (6/15) Zot: 26697  Temple (1/1) D:4 Zot: 5983

Altars:
Elyvilon
Gozag
Makhleb
Nemelex Xobeh
Ru
Sif Muna
Trog
Uskayaw
Vehumet
Yredelemnul

Shops:
D:2 =[*

Annotations:
D:4 Eustachio

....[...# #.#.##...
######..####.#.##.##
#.....##.#.##.##
.######
#.....##.#....#.
.......
#.....##.######.
.......
##..####........
....... #...#
########.
#.....s###...# #.
#.....o@)....### #.
#.....o###.#...# #.
#......
#ยงยง............
.......
#######..######
.##.### ..# ... .#
.## .


You could see an orc warrior, a scorpion and an orc priest.


Message History

No target in view!
No target in view!
No target in view!
No target in view!
No target in view!
No target in view!
Unknown command.
You are engulfed in a cloud of scalding steam.
The orc warrior hits you from afar with a +0 halberd.
You see here a +0 war axe {axe}. ๐Ÿ˜• HP[-4]
You take 4 damage, and now have 60/77 hp.
Unknown command.
You are engulfed in a cloud of scalding steam.
The orc warrior is engulfed in a cloud of scalding steam.
The orc warrior hits you with a +0 halberd.
You block the steam dragon's attack. The steam dragon completely misses you.
The orc priest closely misses you. You furiously retaliate!
You headbutt the orc priest. ๐Ÿ˜ฎ HP[-14]
You take 14 damage, and now have 46/77 hp.
You closely miss the orc warrior. Your headbutt misses the orc warrior.
You are engulfed in a cloud of scalding steam.
The orc warrior hits you with a +0 halberd!
* * * LOW HITPOINT WARNING * * *
The steam dragon breathes steam at you. The ball of steam hits you!
* * * LOW HITPOINT WARNING * * *
The orc priest hits you but does no damage. ๐Ÿ˜จ HP[-25]
You take 25 damage, and now have 21/77 hp.
MASSIVE DAMAGE!! (PAUSE)
You barely miss the steam dragon. You headbutt the steam dragon.
The orc warrior is engulfed in a cloud of scalding steam.
The orc warrior hits you with a +0 halberd.
* * * LOW HITPOINT WARNING * * *
The steam dragon bites you but does no damage.
The steam dragon claws you.
* * * LOW HITPOINT WARNING * * *
The orc priest is engulfed in a cloud of scalding steam.
The orc priest hits you but does no damage. ๐Ÿ˜ฑ HP[-9]
You take 9 damage, and now have 12/77 hp.
You closely miss the steam dragon.
The orc warrior hits you with a +0 halberd.
* * * LOW HITPOINT WARNING * * *
You block the steam dragon's attack. The steam dragon closely misses you.
The orc priest hits you with a +0 hand axe.
* * * LOW HITPOINT WARNING * * *
๐Ÿ˜ฑ HP[-6]
You take 6 damage, and now have 6/77 hp.
You feel better. You block the orc warrior's attack.
The steam dragon barely misses you. You furiously retaliate!
You headbutt the steam dragon!
The steam dragon claws you but does no damage.
You block the orc priest's attack. ๐Ÿ˜ฑ HP[+10]
You regained 10 hp, and now have 16/77 hp.
You hit the steam dragon. You headbutt the steam dragon.
The orc warrior hits you but does no damage.
The steam dragon barely misses you. x2; You block the orc priest's attack.
You hit the steam dragon.
You headbutt the steam dragon, but do no damage.
The orc warrior closely misses you. You block the steam dragon's attack.
The steam dragon claws you.
* * * LOW HITPOINT WARNING * * *
The orc priest hits you with a +0 hand axe.
* * * LOW HITPOINT WARNING * * *
A scorpion comes into view. ๐Ÿ˜ฑ HP[-6]
You take 6 damage, and now have 10/77 hp.
You hit the steam dragon. The orc warrior barely misses you.
The steam dragon closely misses you. The steam dragon claws you.
* * * LOW HITPOINT WARNING * * *
The orc priest calls upon Beogh to heal the orc warrior.
The orc warrior is healed somewhat. ๐Ÿ˜ฑ HP[-3]
You take 3 damage, and now have 7/77 hp.
You barely miss the steam dragon. The orc warrior closely misses you.
The steam dragon barely misses you. The steam dragon claws you.
* * * LOW HITPOINT WARNING * * *
The orc priest hits you but does no damage.
You block the orc warrior's attack.
The steam dragon bites you but does no damage.
You block the steam dragon's attack.
The orc priest calls upon Beogh to heal the orc warrior.
The orc warrior is healed somewhat. ๐Ÿ˜ฑ HP[-4]
You take 4 damage, and now have 3/77 hp.
You sock the steam dragon!
You kill the steam dragon!
Trog accepts your kill.
You can now call upon Trog for regeneration and willpower.
The orc warrior hits you but does no damage.
The orc priest hits you but does no damage.
Your Fighting skill increases to level 9!
You now have 78 max hp (+1).
You feel better.
The orc warrior hits you with a +0 halberd!
You die...

Skill      XL: |  1  2  3  4  5  6  7  8 |
---------------+-------------------------+-----
Fighting       | 4 5 7 8 9 |  9.2
Axes           | 3 |  3.2
Armour         | 4 5 6 |  6.0
Maces & Flails | 1 3 5 6 7 |  7.9
Throwing       | 2 |  2.2
Shields        | |  3.6

Action                   |  1- 3 |  4- 6 |  7- 9 || total
-------------------------+-------+-------+-------++-------
Melee: War axe           |    29 |       |       ||    29
       Headbutt          |     7 |     9 |    20 ||    36
       Mace              |    34 |   119 |    66 ||   219
  Use: Scroll            |     8 |     1 |     7 ||    16
       Potion            |       |     1 |     2 ||     3
Armor: Scale mail        |    23 |    83 |    33 ||   139
Dodge: Dodged            |    29 |    60 |    35 ||   124
Block: Buckler           |    18 |    33 |    23 ||    74

Levels and vault maps discovered:
D:1:      lemuel_arrival_cross, layout_basic, minivault_19
D:2:      layout_rooms, basic_altar, serial_shops, nicolae_shop_waterfront,
          shop, nicolae_shop_trees
D:3:      layout_basic, nicolae_overflow_hallway_of_the_gods,
          ebering_ecumenical_altar_petrified
D:4:      minmay_inner_zag, layout_basic, minmay_temple_entry_sparse_star,
          minmay_fractal_squares_diagonal_5, uniq_eustachio, uniq_natasha
D:5:      layout_basic, uniq_edmund, uniq_menkaure
D:6:      layout_basic, uniq_duvessa
Temple:   bh_familiar_temple

Notes
Turn   | Place    | Note
-------+----------+-------------------------------------------
     0 | D:1      | Sanktem7 the Minotaur Fighter began the quest for the Orb.
     0 | D:1      | Reached XP level 1. HP: 19/19 MP: 0/0
     0 | D:1      | magus.rc [v1.9.6]
   161 | D:1      | Reached XP level 2. HP: 22/27 MP: 1/1
   264 | D:1      | Reached skill level 4 in Fighting
   270 | D:1      | Reached skill level 3 in Axes
   885 | D:2      | Found a sparkling altar of Nemelex Xobeh.
   938 | D:2      | Found Nal Hiluokh's Jewellery Shoppe.
   973 | D:2      | Found Seulebri's General Store.
   994 | D:2      | Found Fieh's Antique Armour Shoppe.
  1028 | D:2      | Reached skill level 4 in Armour
  1028 | D:2      | Reached XP level 3. HP: 33/33 MP: 2/2
  1745 | D:3      | Found a bloodstained altar of Trog.
  1749 | D:3      | Found a basalt altar of Yredelemnul.
  1753 | D:3      | Found a white marble altar of Elyvilon.
  1758 | D:3      | Found a radiant altar of Vehumet.
  1762 | D:3      | Found a hide-covered altar of Uskayaw.
  1763 | D:3      | Found an opulent altar of Gozag.
  1765 | D:3      | Found a sacrificial altar of Ru.
  1770 | D:3      | Found a shimmering blue altar of Sif Muna.
  1793 | D:3      | Found a faded altar of an unknown god.
  1820 | D:3      | Became a worshipper of Trog the Wrathful
  2357 | D:4      | Reached skill level 1 in Maces & Flails
  2366 | D:4      | Reached XP level 4. HP: 24/41 MP: 3/3
  2538 | D:4      | Found a staircase to the Ecumenical Temple.
  2557 | Temple   | Entered the Ecumenical Temple
  2606 | D:4      | Noticed a sky beast
  2624 | D:4      | HP: 10/41 [something (6)]
  2626 | D:4      | HP: 3/41 [something (6)]
  2628 | D:4      | Killed a sky beast
  2629 | D:4      | Reached skill level 5 in Fighting
  2629 | D:4      | Reached skill level 3 in Maces & Flails
  2629 | D:4      | Reached XP level 5. HP: 4/48 MP: 4/4
  3034 | D:4      | Noticed Natasha
  3043 | D:4      | Killed Natasha
  3120 | D:4      | Reached XP level 6. HP: 54/57 MP: 5/5
  3181 | D:4      | Noticed Natasha
  3186 | D:4      | Killed Natasha
  3187 | D:4      | Reached skill level 6 in Fighting
  3188 | D:4      | Noticed Natasha
  3189 | D:4      | Noticed Eustachio
  3193 | D:4      | Killed Natasha
  3194 | D:4      | Reached skill level 5 in Armour
  3208 | D:4      | HP: 10/57 [Eustachio/+0 rapier (8)]
  3454 | D:4      | Reached skill level 4 in Maces & Flails
  3651 | D:4      | Reached * piety under Trog
  4051 | D:5      | Entered Level 5 of the Dungeon
  4104 | D:5      | Noticed Edmund
  4117 | D:5      | Killed Edmund
  4118 | D:5      | Reached skill level 7 in Fighting
  4118 | D:5      | Reached skill level 5 in Maces & Flails
  4118 | D:5      | Reached XP level 7. HP: 20/66 MP: 6/6
  4600 | D:5      | Identified the +0 leather armour of Unreason {Contam rPois
                  | rCorr}
  4659 | D:5      | Reached skill level 6 in Maces & Flails
  4669 | D:5      | Reached skill level 6 in Armour
  4794 | D:5      | You pick up a book of Weapons {forbidden} and begin
                  | reading...
  4794 | D:5      | You add the spells Tukima's Dance, Portal Projectile and
                  | Blade Hands to your library.
  4898 | D:5      | Reached skill level 8 in Fighting
  4898 | D:5      | Reached XP level 8. HP: 73/74 MP: 7/7
  4935 | D:5      | Noticed Menkaure
  4940 | D:5      | Killed Menkaure
  5402 | D:6      | Noticed Duvessa
  5408 | D:6      | Noticed Dowan
  5409 | D:6      | Killed Duvessa
  5410 | D:6      | Reached skill level 7 in Maces & Flails
  5410 | D:6      | Reached skill level 1 in Throwing
  5416 | D:6      | Killed Dowan
  5554 | D:6      | Reached skill level 2 in Throwing
  5626 | D:6      | HP: 16/77 [orc warrior/+0 halberd (5)]
  5627 | D:6      | HP: 6/77 [orc priest/+0 hand axe (3)]
  5632 | D:6      | HP: 3/77 [steam dragon (4)]
  5633 | D:6      | Reached ** piety under Trog
  5634 | D:6      | Reached skill level 9 in Fighting
  5634 | D:6      | Mangled by an orc warrior

Vanquished Creatures
  A steam dragon (D:6)
  Menkaure (D:5)
  Edmund (D:5)
  Duvessa (D:6)
  A sky beast (D:4)
  A black bear (D:5)
  A centaur (D:5)
  2 necrophages
  A bullfrog (D:6)
  3 scorpions
  Dowan (D:6)
  3 hounds
  3 jellies
  4 iguanas
  Natasha (thrice) (D:4)
  An orc wizard (D:5)
  3 adders (D:4)
  3 dart slugs
  8 orcs
  5 ball pythons
  4 endoplasms
  2 giant cockroaches
  11 goblins
  3 hobgoblins
  3 jackals (D:1)
  8 kobolds
  3 bats
  2 frilled lizards (D:2)
  4 rats
87 creatures vanquished.

Vanquished Creatures (others)
  An orc (D:6)
1 creature vanquished.

Grand Total: 88 creatures vanquished

Table legend:
 A = Non-vault XP
 B = Vault XP
 C = Vault XP percentage of total XP
 D = Non-vault monster count
 E = Vault monster count
 F = Vault count percentage of total count
                 A         B        C        D         E       F
            +---------+---------+-------+---------+---------+-------
      Total |    1530 |     780 |  33.8 |      72 |      16 |  18.2
            +---------+---------+-------+---------+---------+-------
        D:1 |      33 |       0 |   0.0 |      19 |       0 |   0.0
        D:2 |      18 |       0 |   0.0 |      10 |       0 |   0.0
        D:3 |      10 |       0 |   0.0 |       5 |       0 |   0.0
        D:4 |     412 |     224 |  35.2 |      17 |      12 |  41.4
        D:5 |     623 |     341 |  35.4 |      15 |       2 |  11.8
        D:6 |     434 |     215 |  33.1 |       6 |       2 |  25.0
            +---------+---------+-------+---------+---------+-------

Illustrated notes

Table legend:
 A = Kills in this place as a percentage of kills in entire the game.
 B = Kills by you in this place as a percentage of kills by you in the entire game.
 C = Kills by friends in this place as a percentage of kills by friends in the entire game.
 D = Other kills in this place as a percentage of other kills in the entire game.
 E = Experience gained in this place as a percentage of experience gained in the entire game.
 F = Experience gained in this place divided by the number of levels of this place that you have seen.
                   A       B       C       D       E      F
               +-------+-------+-------+-------+-------+----------------------
         Total | 100.0 | 100.0 |   N/A | 100.0 | 100.0 | 330.0
       Dungeon | 100.0 | 100.0 |   N/A | 100.0 | 100.0 | 385.0
               +-------+-------+-------+-------+-------+----------------------

Table legend: (Time is in decaauts)
 A = Elapsed time spent in this place.
 B = Non-inter-level travel time spent in this place.
 C = Inter-level travel time spent in this place.
 D = Time resting spent in this place.
 E = Time spent auto-exploring this place.
 F = Levels seen in this place.
 G = Mean time per level.
                   A        B        C        D        E       F      G
               +--------+--------+--------+--------+--------+-----+--------+
         Total |   5691 |   5513 |    178 |    155 |   4666 |   7 |  813.0 |
       Dungeon |   5675 |   5497 |    178 |    155 |   4657 |   6 |  945.8 |
        Temple |     16 |     16 |      0 |      0 |      9 |   1 |   16.0 |
               +--------+--------+--------+--------+--------+-----+--------+

Top non-repeatable levels by time:
     D:4: 1727 daAuts
     D:5: 1290 daAuts
     D:3: 1043 daAuts
     D:1: 873 daAuts
     D:2: 438 daAuts
     D:6: 301 daAuts
  Temple: 16 daAuts
